 Dungeon Crawl Stone Soup version 0.23.1-37-gaa34b87 (webtiles) character file.

Game seed: 1170558639817753650

61992 nuthulu the Bludgeoner (level 14, -1/127 HPs)
             Began as a Demonspawn Berserker on Mar 23, 2019.
             Was a High Priest of Trog.
             Slain by an orc knight
             ... wielding a +3 long sword
              (12 damage)
             ... on level 2 of the Orcish Mines.
             The game lasted 00:37:23 (26462 turns).

nuthulu the Bludgeoner (Demonspawn Berserker)      Turns: 26462, Time: 00:37:23

Health: -1/127     AC: 22    Str: 24    XL:     14   Next: 62%
Magic:  14/14      EV: 13    Int: 10    God:    Trog [*****.]
Gold:   841        SH:  0    Dex: 19    Spells: 13/13 levels left

rFire    . . .     SeeInvis +   q - +8 great mace of Ker Siqeo {pain, rElec Dex+5}
rCold    + . .     Gourm    .   (shield currently unavailable)
rNeg     . . .     Faith    +   e - +2 plate armour
rPois    .         Spirit   .   P - +1 hat {SInv}
rElec    +         Reflect  .   x - +1 cloak
rCorr    .         Harm     .   w - +2 pair of gloves
MR       +++..                  (boots unavailable)
Stlth    ..........             J - amulet of faith
HPRegen  1.31/turn              N - ring "Vaumed" {EV+4 Str+4 Slay+3}
MPRegen  0.14/turn              (no ring)

@: regenerating
A: talons 3, rugged brown scales 2, cold resistance 1, spiny 2, freezing cloud
immunity
a: Berserk, Trog's Hand, Brothers in Arms, Renounce Religion


You were on level 2 of the Orcish Mines.
You worshipped Trog.
Trog was extremely pleased with you.
You were not hungry.

You visited 3 branches of the dungeon, and saw 20 of its levels.
You also visited: Ossuary.

You collected 1673 gold pieces.
You spent 832 gold pieces at shops.

Inventory:

Hand Weapons
 b - a +5 antimagic morningstar
 q - the +8 great mace of Ker Siqeo (weapon) {pain, rElec Dex+5}
   (You found it on level 4 of the Dungeon)

   In the hands of one skilled in necromantic magic, it inflicts extra damage on
   living creatures.
   It affects your dexterity (+5).
   It insulates you from electricity.
 E - a +3 great mace of freezing
Missiles
 K - a throwing net (quivered)
Armour
 e - a +2 plate armour (worn)
 w - a +2 pair of gloves (worn)
 x - a +1 cloak (worn)
 P - a +1 hat of see invisible (worn)
Jewellery
 n - an uncursed ring of flight
 J - an amulet of faith (around neck)
 N - the ring "Vaumed" (left hand) {EV+4 Str+4 Slay+3}
   (You bought it in a shop on level 11 of the Dungeon)

   [ring of evasion]

   It affects your evasion (+4).
   It affects your strength (+4).
   It affects your accuracy and damage with ranged weapons and melee attacks
   (+3).
Wands
 a - a wand of iceblast (9)
 j - a wand of random effects (20)
 m - a wand of clouds (4)
 r - a wand of paralysis (3)
 B - a wand of enslavement (4)
 C - a wand of flame (53)
 D - a wand of polymorph (21)
 F - a wand of acid (15)
 H - a wand of digging (3)
 I - a wand of disintegration (23)
Scrolls
 p - 9 scrolls of teleportation
 s - 2 scrolls of enchant weapon
 t - 6 scrolls of remove curse
 y - a scroll of fog
 z - 3 scrolls of fear
 A - 7 scrolls of identify
 L - a scroll of magic mapping
Potions
 d - 4 potions of magic
 f - 2 potions of might
 g - 2 potions of brilliance
 h - 7 potions of curing
 i - 4 potions of flight
 l - 2 potions of berserk rage
 o - 9 potions of mutation
 u - 3 potions of lignification
 v - a potion of cancellation
 G - 2 potions of resistance
 O - a potion of haste
Comestibles
 c - 41 rations
 M - 5 chunks of flesh


   Skills:
 + Level 14.8 Fighting
   Level 4.8(12.5) Axes
 + Level 17.3(17.5) Maces & Flails
 + Level 4.2 Armour
 + Level 4.2 Dodging


You had 13 spell levels left.
You didn't know any spells.
Your spell library was empty.

Dungeon Overview and Level Annotations

Branches:
Dungeon (12/15)            Temple (0/1) D:7            Lair (6/6) D:10
 Shoals (0/4) Lair:4       Spider (0/4) Lair:4        Slime (0/5) Lair:6
    Orc (2/2) D:12            Elf (0/3) Orc:2

Altars:
Cheibriados
Fedhas
Makhleb
Nemelex Xobeh
The Shining One
Beogh

Shops:
D:5 }   D:11 =   Orc:2 *

Portals:
Hell: Lair:6

Annotations:
D:3 1 runed translucent door, bmj180's ghost, amateur HuMo
Lair:3 exclusion: 2 oklob plants
Lair:5 exclusion: 2 oklob plants


Innate Abilities, Weirdness & Mutations

You have claws for feet.
You are mostly covered in rugged brown scales. (AC +2, +5% HP)
Your flesh is cold resistant. (rC+)
You are mostly covered in sharp spines.
You are immune to freezing clouds.


Message History

The orc knight roars a battlecry!
The orc sorcerer closely misses you. The orc warrior misses you.
Unknown command.
Your two-headed ogre goes berserk!
You are feeling hungry.
The orc warrior hits you from afar with a +0 halberd!!
* * * LOW HITPOINT WARNING * * *
The orc sorcerer hits you but does no damage.
The orc knight hits you with a +3 long sword.
* * * LOW HITPOINT WARNING * * *
Eat one of 6 chunks of flesh? (ye/n/q)
You eat one of the 6 chunks of flesh.
This raw flesh tastes terrible.
The orc warrior barely misses you.
Your two-headed ogre hits the orc warrior with a +0 giant spiked club!!
The orc warrior dies!
Trog accepts your kill.
The orc sorcerer hits you but does no damage.
The orc warrior barely misses you.
The orc knight hits you with a +3 long sword!
You die...

#...........####............# ..
#o..##.....####.............### .
...##.#..### #................##.
.......### ##..................
........# ####..................
.........###..........#..........
......#.###.......O..###.........
.........###...)).)...###........
........## ###.#@o.....##........
......### ####o...............
..#.$# ##o...........##.. ..###
#.##o.........##.. .8#
##.##.........###.# ..#
#..............#### .. ####
##.#..........## #. ...
#..####.#...........##...
....#####...##...#...............


You could see an orc knight, an orc sorcerer, an orc warrior, an orc and a
friendly two-headed ogre (berserk).

Vanquished Creatures
  A catoblepas (Lair:4)
  5 hydras
  A death knight (D:11)
  2 two-headed ogres (D:9)
  9 death yaks
  An orc high priest (Orc:2)
  A sixfirhy (Lair:6)
  A wizard (Lair:6)
  A lindwurm (Lair:6)
  3 orc knights (Orc:2)
  A wolf spider (Lair:4)
  2 orc sorcerers
  Maurice (D:12)
  14 elephants
  6 black mambas
  A merfolk siren (Lair:4)
  3 orange demons (Lair:6)
  A gargoyle (D:11)
  14 spiny frogs
  6 rime drakes
  2 kobold demonologists (D:12)
  7 komodo dragons
  A hellwing (Lair:6)
  5 trolls
  A queen bee (Lair:2)
  A jumping spider (Lair:4)
  An ice devil (Lair:6)
  3 merfolk (Lair:4)
  4 polar bears
  A hornet (D:12)
  A dream sheep (Lair:4)
  6 blink frogs
  13 hippogriffs
  2 redbacks (Lair:4)
  A wraith (D:12)
  A wyvern (Lair:4)
  A human (D:8)
  32 yaks
  3 basilisks
  3 hogs (D:8)
  2 wargs (Orc:2)
  10 water moccasins
  A floating eye (Lair:3)
  7 porcupines
  Duvessa (D:6)
  3 hell hounds (Lair:6)
  4 black bears
  An ice beast (D:5)
  3 eyes of draining
  2 sky beasts
  22 orc warriors
  9 ogres
  A phantom (D:7)
  9 wolves
  5 centaurs
  18 crocodiles
  6 big kobolds
  10 bullfrogs
  A wyvern zombie (D:10)
  5 water moccasin zombies (Ossuary)
  Dowan (D:6)
  A wyvern skeleton (D:8)
  4 scorpions
  28 killer bees
  8 wights
  11 electric eels
  A howler monkey (D:11)
  5 crimson imps
  17 hounds
  2 bullfrog skeletons
  5 jellies
  18 orc priests
  18 orc wizards
  5 iguanas
  6 worker ants
  A killer bee zombie (D:7)
  2 big kobold zombies (Ossuary)
  2 hound zombies
  3 mummies
  A worker ant zombie (D:9)
  15 adders
  2 shadow imps
  An ooze (D:1)
  7 adder zombies (Ossuary)
  An adder skeleton (D:5)
  4 worms
  2 dart slugs
  5 leopard geckos
  72 orcs
  A ball python (D:2)
  8 bats
  8 giant cockroaches
  11 goblins
  8 hobgoblins
  10 jackals
  2 quokkas
  3 frilled lizards
  A gnoll zombie (Ossuary)
  5 hobgoblin zombies (Ossuary)
  A jackal skeleton (D:4)
  15 kobolds
  3 kobold zombies (Ossuary)
  5 orc zombies (Ossuary)
  2 quokka skeletons
  A quokka zombie (D:6)
  4 rats
  A plant (D:12)
620 creatures vanquished.

Vanquished Creatures (collateral kills)
  A hydra (Lair:2)
  A red devil (Lair:6)
  4 blink frogs (Lair:4)
  4 dream sheep (Lair:4)
  A wyvern (Lair:5)
  2 hell hounds (Lair:6)
  An orc warrior (Orc:2)
14 creatures vanquished.

Vanquished Creatures (others)
  2 kobolds (D:10)
  9 fungi
  5 plants
  2 withered plants (D:3)
18 creatures vanquished.

Grand Total: 652 creatures vanquished

Notes
Turn   | Place    | Note
-------+----------+-------------------------------------------
     0 | D:1      | nuthulu the Demonspawn Berserker began the quest for the
                  | Orb.
     0 | D:1      | Reached XP level 1. HP: 18/18 MP: 1/1
   265 | D:1      | Gained mutation: You are partially covered in sharp spines.
                  | [demonic ancestry]
   265 | D:1      | Reached XP level 2. HP: 21/24 MP: 2/2
   946 | D:2      | Reached XP level 3. HP: 21/30 MP: 3/3
  1583 | D:2      | Reached ** piety under Trog
  1881 | D:2      | Gained mutation: Your flesh is cold resistant. (rC+)
                  | [demonic ancestry]
  1881 | D:2      | Reached XP level 4. HP: 37/37 MP: 4/4
  2541 | D:3      | Found a runed translucent door.
  2541 | D:3      | Noticed bmj180's ghost (amateur HuMo)
  3362 | D:4      | Reached XP level 5. HP: 42/43 MP: 5/5
  3787 | D:4      | Got a crystal great mace
  3788 | D:4      | Identified the +8 great mace of Ker Siqeo {pain, rElec
                  | Dex+5} (You found it on level 4 of the Dungeon)
  4055 | D:5      | Entered Level 5 of the Dungeon
  4146 | D:5      | Found a sand-covered staircase.
  4149 | D:5      | Reached skill level 1 in Maces & Flails
  4149 | D:5      | Gained mutation: You are partially covered in rugged brown
                  | scales. (AC +1, +3% HP) [demonic ancestry]
  4149 | D:5      | Reached XP level 6. HP: 39/51 MP: 6/6
  4209 | Ossuary  | Entered an ossuary
  4244 | Ossuary  | Reached skill level 5 in Fighting
  4249 | Ossuary  | Reached *** piety under Trog
  4253 | Ossuary  | Reached skill level 2 in Maces & Flails
  4294 | Ossuary  | Reached skill level 3 in Maces & Flails
  4315 | Ossuary  | Gained mutation: You are immune to freezing clouds.
                  | [demonic ancestry]
  4315 | Ossuary  | Reached XP level 7. HP: 52/57 MP: 7/7
  4658 | D:5      | Found a blossoming altar of Fedhas.
  4679 | D:5      | Reached skill level 4 in Maces & Flails
  5268 | D:5      | Found Uweplo's Gadget Shoppe.
  5710 | D:6      | Reached skill level 5 in Maces & Flails
  5733 | D:6      | Reached XP level 8. HP: 41/66 MP: 8/8
  5919 | D:6      | Noticed Duvessa
  5920 | D:6      | Noticed Dowan
  5924 | D:6      | Killed Duvessa
  5931 | D:6      | Killed Dowan
  6009 | D:6      | Reached skill level 6 in Maces & Flails
  6160 | D:6      | Found a glowing golden altar of the Shining One.
  6574 | D:6      | Reached **** piety under Trog
  7145 | D:7      | Reached skill level 7 in Maces & Flails
  7163 | D:7      | Gained mutation: You have sharp toenails. [demonic
                  | ancestry]
  7163 | D:7      | Reached XP level 9. HP: 56/75 MP: 9/9
  7326 | D:7      | Reached skill level 8 in Maces & Flails
  7456 | D:7      | Found a staircase to the Ecumenical Temple.
  7921 | D:8      | Reached skill level 9 in Maces & Flails
  7932 | D:8      | Reached ***** piety under Trog
  8356 | D:8      | Reached XP level 10. HP: 65/85 MP: 10/10
  8618 | D:8      | Reached skill level 10 in Maces & Flails
  8827 | D:9      | Noticed a two-headed ogre
  8839 | D:9      | Killed a two-headed ogre
  8943 | D:9      | Noticed a two-headed ogre
  8965 | D:9      | Killed a two-headed ogre
  8965 | D:9      | Reached skill level 11 in Maces & Flails
  9214 | D:9      | Reached skill level 10 in Fighting
  9804 | D:9      | Found a sparkling altar of Nemelex Xobeh.
 10003 | D:10     | Entered Level 10 of the Dungeon
 10305 | D:10     | Found a staircase to the Lair.
 10319 | D:10     | Gained mutation: You are mostly covered in sharp spines.
                  | [demonic ancestry]
 10319 | D:10     | Reached XP level 11. HP: 84/94 MP: 11/11
 10858 | D:11     | Noticed a death knight
 10881 | D:11     | Killed a death knight
 10881 | D:11     | Reached skill level 12 in Maces & Flails
 10892 | D:11     | Noticed a six-headed hydra
 10905 | D:11     | Killed a six-headed hydra
 11314 | Lair:1   | Entered Level 1 of the Lair of Beasts
 11377 | Lair:1   | Noticed a six-headed hydra
 11386 | Lair:1   | Killed a six-headed hydra
 11402 | Lair:1   | Received a gift from Trog
 11506 | Lair:1   | Found a dark tunnel.
 11568 | Lair:1   | You fall through a shaft!
 11575 | Lair:2   | Reached skill level 13 in Maces & Flails
 11626 | Lair:2   | Noticed a six-headed hydra
 11633 | Lair:2   | Killed a six-headed hydra
 12111 | Lair:1   | Noticed a five-headed hydra
 12118 | Lair:1   | Killed a five-headed hydra
 12161 | Lair:1   | Gained mutation: You are mostly covered in rugged brown
                  | scales. (AC +2, +5% HP) [demonic ancestry]
 12161 | Lair:1   | Reached XP level 12. HP: 50/107 MP: 12/12
 13422 | Lair:2   | Reached skill level 14 in Maces & Flails
 14421 | Lair:3   | Paralysed by a floating eye for 2 turns
 15697 | Lair:4   | Noticed a catoblepas
 15724 | Lair:4   | Killed a catoblepas
 16125 | Lair:4   | Reached skill level 15 in Maces & Flails
 16539 | Lair:4   | Received a gift from Trog
 16762 | Lair:4   | Gained mutation: You have razor-sharp toenails. [demonic
                  | ancestry]
 16762 | Lair:4   | Reached XP level 13. HP: 89/116 MP: 13/13
 16767 | Lair:4   | Found a staircase to the Shoals.
 17251 | Lair:4   | Found a hole to the Spider Nest.
 17815 | Lair:5   | Found a snail-covered altar of Cheibriados.
 18834 | Lair:6   | Entered Level 6 of the Lair of Beasts
 19305 | Lair:5   | Reached skill level 16 in Maces & Flails
 20038 | Lair:5   | HP: 3/117 [death yak (11)]
 21279 | Lair:6   | Received a gift from Trog
 21611 | Lair:6   | Gained mutation: You have claws for feet. [demonic
                  | ancestry]
 21611 | Lair:6   | Reached XP level 14. HP: 44/126 MP: 14/14
 22022 | Lair:6   | Reached skill level 17 in Maces & Flails
 22675 | Lair:6   | Found a staircase to the Slime Pits.
 22928 | Lair:6   | Found a burning altar of Makhleb.
 23249 | Lair:6   | Found a gateway to Hell.
 23665 | D:11     | Found Mum Wee's Jewellery Shop.
 23674 | D:11     | Bought the ring "Vaumed" {EV+4 Str+4 Slay+3} for 832 gold
                  | pieces
 24008 | D:11     | Identified a scroll of acquirement
 24115 | D:12     | Noticed Maurice
 24124 | D:12     | Killed Maurice
 24823 | D:12     | Found a roughly hewn altar of Beogh.
 24823 | D:12     | Found a staircase to the Orcish Mines.
 24856 | D:12     | Received a gift from Trog
 25301 | Orc:1    | Entered Level 1 of the Orcish Mines
 25496 | Orc:2    | Entered Level 2 of the Orcish Mines
 26118 | Orc:2    | Found a staircase to the Elven Halls.
 26285 | Orc:2    | Found Mopon's Assorted Antiques.
 26462 | Orc:2    | Slain by an orc knight

Skill      XL: |  1  2  3  4  5  6  7  8  9 10 11 12 13 14 |
---------------+-------------------------------------------+-----
Axes           | 3 4 |  4.8
Fighting       | 4 5 6 7 9 10 11 13 14 | 14.8
Maces & Flails | 1 3 5 7 9 11 13 15 16 17 | 17.3
Armour         | 4 |  4.2
Dodging        | 4 |  4.2

Action                   |  1- 3 |  4- 6 |  7- 9 | 10-12 | 13-15 || total
-------------------------+-------+-------+-------+-------+-------++-------
Melee: Hand axe          |    91 |    10 |       |       |       ||   101
       War axe           |       |    76 |       |       |       ||    76
       Great mace        |       |    55 |   190 |   366 |   513 ||  1124
       Kick              |       |       |    29 |   128 |   203 ||   360
Invok: Trog's Hand       |       |       |     2 |     8 |    10 ||    20
       Berserk           |       |       |       |     3 |     1 ||     4
       Brothers in Arms  |       |       |       |     1 |     4 ||     5
Evoke: Wand              |       |       |       |     2 |     1 ||     3
  Use: Scroll            |     6 |     6 |    13 |     3 |     7 ||    35
       Potion            |       |       |       |     4 |     2 ||     6
  Eat: Chunk             |     3 |     7 |    14 |    17 |    19 ||    60
       Ration            |       |       |       |     5 |     5 ||    10
Armor: Animal skin       |     3 |       |       |       |       ||     3
       Leather armour    |     9 |       |       |       |       ||     9
       Plate armour      |     8 |   119 |   177 |   344 |   341 ||   989
       Chain mail        |     5 |       |       |       |       ||     5
Dodge: Dodged            |    48 |    43 |    66 |   153 |   233 ||   543
